Match 48591831
Unlisted

Match 48591831
End
Engineer Squad
Construct Weapon Support Center
Selects Armored Battlegroup
Selects Armored Battlegroup
Selects Assault Engineers
M1919 Machine Gun Team
Assault Engineer Squad
Assault Engineer Squad
M1919 Machine Gun Team
Infantry Support Center
Construct Medical Station
M3 Armored Personnel Carrier
M3 Armored Personnel Carrier
Selects Strength in Steel
M3 Armored Personnel Carrier
M3 Armored Personnel Carrier
Assault Engineer Squad
Bubbciss
JangGF
osamhx789
♂Maark♂
Scat
肘术回战
欧阳黑奔
JJS
0
0

Comments sign in to comment!

No comments posted yet!